AoeStats
← Herby

Arena

509740523Analyzed
1v1 RM · 4d ago on Sep 27, 2026· 53m 41s· 2 players
Game mode
Random Map
Map size
Tiny (2 player)
Population
200
Speed
Normal
Resources
Standard
Victory
Conquest
Starting age
Dark Age
Ending age
Imperial Age
RankedLock teamsTeams togetherTeam positionsShared explorationLock speedFull tech treeHidden civsTurbo modeCheats
Victory
Defeat
🇲🇽 Khmer · Mexico
1320
+17
🇺🇸 Burgundians · United States
1346
-17
Herby
7:45 Loom
9:50 Feudal Age
12:52 Castle Age
12:01 Double-Bit Axe
12:15 Gold Mining
14:38 Bow Saw
20:21 Redemption
21:43 Sanctity
27:36 Wheelbarrow
53:38 Ballistics
Dirtydan44
7:19 Double-Bit Axe
7:15 Horse Collar
9:53 Loom
11:40 Feudal Age
13:07 Loom
13:39 Bow Saw
15:57 Castle Age
14:42 Heavy Plow
14:56 Stone Mining
14:57 Gold Mining
16:45 Stone Shaft Mining
27:33 Scale Barding Armor
31:43 Imperial Age
32:55 Conscription
35:23 Fletching
49:20 Chemistry
Connection lost

Rejoining the realm…

Still unreachable

The connection could not be restored.

Session expired

The server has moved on; the page needs a fresh start.